 Dungeon Crawl Stone Soup version 0.18.1-48-g4cf74bf (webtiles) character file.

2020 HAWKINGL3623 the Archer (level 9, -11/63 HPs)
             Began as a Centaur Hunter on July 31, 2016.
             Was a Believer of the Shining One.
             Splashed by an orc warrior's acid (16 damage)
             ... on level 7 of the Dungeon.
             The game lasted 00:35:38 (6706 turns).

HAWKINGL3623 the Archer (Centaur Hunter)            Turns: 6706, Time: 00:35:38

Health: -11/63     AC:  4    Str: 16    XL:     9   Next: 3%
Magic:  9/9        EV: 10    Int: 10    God:    the Shining One [**....]
Gold:   229        SH:  0    Dex:  9    Spells: 0 memorised, 8 levels left

rFire  . . .     SeeInvis .     a - +3 shortbow
rCold  . . .     Gourm    .     u - +1 leather armour of Benevolence {rPois rN+ Dex-3}
rNeg   + + .     Faith    .     (shield currently unavailable)
rPois  +         Spirit   .     (no helmet)
rElec  .         Dismiss  .     p - +2 cloak
rCorr  .         Reflect  .     (no gloves)
SustAt +         Harm     .     (no barding)
MR     .....     Clarity  +     (no amulet)
Stlth  +.........               o - +3 ring of slaying
                                b - ring of sustain attributes

@: marked, corroded, glowing, very quick, not resistant to hostile enchantments,
very unstealthy
A: hooves 3, clarity, deformed body, speed 2, frail 1, mutation resistance 1,
tough skin 3
a: Divine Shield, Renounce Religion


You were on level 7 of the Dungeon.
You worshipped the Shining One.
The Shining One was pleased with you.
You were not hungry.

You visited 2 branches of the dungeon, and saw 8 of its levels.

You collected 282 gold pieces.
You spent 53 gold pieces at shops.

Inventory:

Hand Weapons
 a - a +3 shortbow (weapon)
 e - a +3 short sword
Missiles
 c - 7 tomahawks
 d - 64 arrows (quivered)
Armour
 p - a +2 cloak (worn)
 u - the +1 leather armour of Benevolence (worn) {rPois rN+ Dex-3}
   (You found it on level 6 of the Dungeon)

   It affects your dexterity (-3).
   It protects you from poison.
   It protects you from negative energy.
Jewellery
 b - a ring of sustain attributes (left hand)
 o - a +3 ring of slaying (right hand)
Wands
 s - a wand of lightning (7/15)
 t - a wand of flame (17/48)
Scrolls
 h - 2 scrolls of teleportation
 l - 4 scrolls of remove curse
 n - a scroll of amnesia
Potions
 j - a potion of brilliance
 q - a potion of lignification
Comestibles
 f - 4 bread rations
 g - 2 beef jerkies
 i - 2 meat rations
 m - 8 fruits
 r - 4 royal jellies


   Skills:
 + Level 3.2 Fighting
 + Level 2.4 Short Blades
 + Level 12.9 Bows
 + Level 2.7 Armour
 + Level 3.2 Dodging
 + Level 1.2 Stealth


You had 8 spell levels left.
You didn't know any spells.

Dungeon Overview and Level Annotations

Branches:
Dungeon (7/15)             Temple (1/1) D:6

Altars:
Ashenzari
Cheibriados
Elyvilon
Fedhas
Gozag
Kikubaaqudgha
Makhleb
Nemelex Xobeh
Okawaru
Pakellas
Qazlal
Ru
Sif Muna
Vehumet
Yredelemnul
The Shining One

Shops:
D:5 **

Annotations:
D:6 selky's ghost, novice GrFi


Innate Abilities, Weirdness & Mutations

You have hooves in place of feet.
Armour fits poorly on your strangely shaped body.
You cover ground very quickly.
You have extremely tough skin (AC +3).
You possess an exceptional clarity of mind.
You are frail (-10% HP).
You are somewhat resistant to further mutation.


Message History

Press: ? - help, Shift-Dir - straight line, f/p - orc warrior
Aim: an orc warrior, wielding a scimitar, wearing a plate armour and carrying a wand of acid {zapped: 3} (moderately wounded)
You shoot an arrow.
You feel less invigorated.
You feel less confused.
The orc warrior zaps a wand.
The bolt of acid hits you!
* * * LOW HITPOINT WARNING * * *
The acid burns!
* * * LOW HITPOINT WARNING * * *
The alarm trap emits a blaring wail!
A sentinel's mark forms upon you.
You hear a screech!
You hear a bark!
You hear a shout!
You hear a bark!
An adder comes into view.
Found a ring of wizardry.
Found 27 arrows.
The worker ant bites you but does no damage.
The orc warrior zaps a wand.
The bolt of acid hits you! The Shining One protects you from harm!
The acid burns!
You die...

.#).#.....# .#.# .#
.####.....##...##.#
.#..#.....#.....#.#
.'._#...<<.(###...# .
.#..##.##....##...####..
.####.(.#..............(
.#..#..).......a........
.'._#.........o...S......
.#..####........@........
#########................
....#(...................
....(>###............>..
....#####.######.....###
......................#
.)..#############.#...#
....# #.#....# ....#
#a.(()(..


You could see an orc warrior, a worker ant and an adder.

Vanquished Creatures
  Grinder (D:4)
  A two-headed ogre (D:5)
  2 orc warriors (D:6)
  A black bear (D:4)
  2 ogres (D:4)
  A gnoll sergeant (D:6)
  A scorpion (D:4)
  A killer bee (D:7)
  2 crimson imps
  A howler monkey (D:4)
  2 giant frog zombies
  A centaur skeleton (D:7)
  2 hounds
  9 orc wizards
  3 orc priests
  A giant frog skeleton (D:5)
  An iguana (D:5)
  6 worker ants
  4 gnolls (D:6)
  9 adders
  A shadow imp (D:7)
  2 adder skeletons (D:6)
  2 dart slugs
  2 giant geckos
  23 orcs
  6 goblins
  5 hobgoblins
  16 jackals
  3 quokkas
  A ball python (D:2)
  6 bats
  A giant gecko skeleton (D:4)
  6 kobolds
  4 rats
129 creatures vanquished.

Notes
Turn   | Place    | Note
--------------------------------------------------------------
     0 | D:1      | HAWKINGL3623 the Centaur Hunter began the quest for the Orb.
     0 | D:1      | Reached XP level 1. HP: 17/17 MP: 1/1
   573 | D:1      | Reached XP level 2. HP: 24/24 MP: 2/2
   589 | D:1      | Gained mutation: Your muscles are strong. (Str +2) [potion of mutation]
   589 | D:1      | Gained mutation: You are somewhat resistant to further mutation. [potion of mutation]
   589 | D:1      | Gained mutation: You are frail (-10% HP). [potion of mutation]
   686 | D:2      | Reached skill level 6 in Bows
   737 | D:2      | Found a burning altar of Makhleb.
   737 | D:2      | Noticed a balrug
   741 | D:2      | Noticed a hellwing
   741 | D:2      | Noticed a ynoxinul
   984 | D:2      | Found a glowing golden altar of the Shining One.
   986 | D:2      | Noticed an angel
   991 | D:2      | Found a basalt altar of Yredelemnul.
   993 | D:2      | Noticed a profane servitor
  1007 | D:2      | Became a worshipper of the Shining One
  1065 | D:2      | Found an oddly glowing altar of Pakellas.
  1222 | D:2      | Gained mutation: You possess an exceptional clarity of mind. [potion of mutation]
  1222 | D:2      | Lost mutation: Your muscles are strong. (Str +2) [potion of mutation]
  1317 | D:3      | Reached XP level 3. HP: 25/26 MP: 3/3
  1465 | D:3      | Reached skill level 7 in Bows
  1499 | D:3      | Reached XP level 4. HP: 28/32 MP: 4/4
  2383 | D:4      | Reached XP level 5. HP: 36/36 MP: 5/5
  2385 | D:4      | Reached skill level 8 in Bows
  2591 | D:4      | Noticed Grinder
  2593 | D:4      | Paralysed by Grinder for 2 turns
  2609 | D:4      | Paralysed by Grinder for 7 turns
  2617 | D:4      | Killed Grinder
  2617 | D:4      | Reached skill level 9 in Bows
  2617 | D:4      | Reached skill level 1 in Armour
  2617 | D:4      | Reached skill level 1 in Stealth
  2617 | D:4      | Reached XP level 6. HP: 14/43 MP: 6/6
  2969 | D:4      | Reached * piety under the Shining One
  2973 | D:4      | Reached XP level 7. HP: 42/49 MP: 7/7
  2979 | D:4      | Reached skill level 1 in Short Blades
  3114 | D:4      | Reached skill level 10 in Bows
  3687 | D:4      | Reached skill level 11 in Bows
  3744 | D:5      | Entered Level 5 of the Dungeon
  3898 | D:5      | Noticed a two-headed ogre
  3904 | D:5      | Killed a two-headed ogre
  3904 | D:5      | Reached XP level 8. HP: 55/55 MP: 8/8
  4007 | D:5      | Found Kaimpyul's General Store.
  4015 | D:5      | Bought 19 arrows for 53 gold pieces
  4122 | D:5      | Found Ymaewuakh's Serpentskin Sales.
  4640 | D:6      | Found a stormy altar of Qazlal.
  4663 | D:6      | Noticed selky's ghost (novice GrFi)
  4746 | D:6      | Reached ** piety under the Shining One
  4751 | D:6      | Found a white marble altar of Elyvilon.
  4881 | D:6      | Got a scorched leather armour
  4887 | D:6      | Identified the +1 leather armour of Benevolence {rPois rN+ Dex-3} (You found it on level 6 of the Dungeon)
  4931 | D:6      | Reached skill level 12 in Bows
  4975 | D:6      | Found a staircase to the Ecumenical Temple.
  4982 | Temple   | Entered the Ecumenical Temple
  6168 | D:7      | Found a radiant altar of Vehumet.
  6204 | D:7      | Identified Vehumet's Compendium of Battle Magic
  6320 | D:7      | Found an ancient bone altar of Kikubaaqudgha.
  6334 | D:7      | Found a deep blue altar of Sif Muna.
  6354 | D:7      | Reached XP level 9. HP: 34/63 MP: 9/9
  6698 | D:7      | HP: 3/63 [acid (12)]
  6706 | D:7      | The Shining One protects you from harm!
  6706 | D:7      | Splashed by an orc warrior's acid

Skill      XL: |  1  2  3  4  5  6  7  8 |
---------------+-------------------------+-----
Bows           | 6 7 9 11 12 | 12.9
Armour         | 1 2 |  2.7
Dodging        | 2 3 |  3.2
Stealth        | 1 |  1.2
Short Blades   | 1 2 |  2.4
Fighting       | 3 |  3.2

Action                   |  1- 3 |  4- 6 |  7- 9 || total
-------------------------+-------+-------+-------++-------
Melee: Short sword       |    19 |    34 |   141 ||   194
       Kick              |     3 |     4 |    27 ||    34
       Shortbow          |     1 |       |     1 ||     2
 Fire: Shortbow          |    51 |    73 |   131 ||   255
Throw: Tomahawk          |       |       |     3 ||     3
  Use: Scroll            |     7 |     4 |     6 ||    17
       Potion            |     6 |     4 |     3 ||    13
  Eat: Chunk             |     1 |     3 |     8 ||    12
       Pizza             |       |       |     1 ||     1
Armor: Leather armour    |    25 |    11 |    46 ||    82
Dodge: Dodged            |    15 |    18 |    75 ||   108
